Map: Thunderbird LE

Players

BenJAMMIN

  • Race: Zerg Zerg
  • League: Gold
  • Spawn Location: 11:00

Mesrob - Winner!

  • Race: Terran Terran
  • Spawn Location: 5:00

VOD

Have the link to the VOD?

Description

Time

  • Played on: Oct. 7, 2019, 11:59 p.m.
  • Length: 18:48
Show
View Real Time Build Order
Export as new Build Order

BenJAMMIN Zerg 

Build Orders: Pool First 

Get SALT Encoding   

  12  0:17  Spawning Pool  
  11  0:23  Drone  
  12  0:38  Overlord  
  12  1:04  Queen  
  12  1:06  Zergling x4  
  12  1:07  Zergling x2  
  12  1:10  Extractor  
  16  1:18  Drone  
  17  1:28  Drone  
  18  1:40  Queen, Drone  
  21  1:50  Drone  
  22  2:07  Hatchery  
  21  2:13  Overlord  
  21  2:18  Drone  
  22  2:48  Zergling x4  
  24  2:53  Drone  
  25  3:12  Drone x2  
  26  3:21  Extractor, Metabolic Boost  
  24  3:49  Zergling x6, Overlord  
  24  3:50  Drone x2  
  29  3:59  Lair  
  29  4:03  Roach Warren  
  29  4:04  Drone x3  
  29  4:06  Drone  
  31  4:14  Zergling x4  
  32  4:19  Queen  
  33  4:25  Drone x2  
  35  4:32  Drone x2  
  37  4:42  Spore Crawler  
  37  4:44  Drone x2  
  38  4:54  Pneumatized Carapace  
  38  5:04  Drone x5  
  38  5:05  Drone  
  44  5:20  Spire  
  43  5:27  Extractor, Spore Crawler  
  43  5:28  Drone x2  
  43  5:36  Evolution Chamber  
  42  5:50  Glial Reconstitution  
  42  5:52  Burrow  
  41  6:05  Zerg Ground Armor Level 1, Baneling Nest  
  40  6:13  Hydralisk Den  
  40  6:16  Roach x2  
  40  6:18  Overlord x2  
  43  6:32  Overlord  
  43  6:39  Mutalisk, Roach x2  
  49  6:56  Extractor  
  49  6:58  Overseer  
  49  6:59  Spore Crawler  
  49  7:00  Drone x4  
  51  7:06  Roach x4  
  51  7:07  Roach  
  61  7:15  Overlord x2  
  61  7:36  Lurker Den  
  60  7:38  Drone  
  60  7:39  Drone  
  60  7:41  Hatchery  
  61  7:50  Baneling x4  
  61  7:51  Baneling x4  
  61  7:53  Zergling x2  
  61  7:54  Drone  
  61  7:56  Drone  
  64  8:17  Ravager x3  
  50  8:47  Drone  
  49  9:02  Roach x6  
  43  9:36  Mutalisk x2, Hydralisk  
  43  9:37  Corruptor, Roach x2  
  55  10:00  Ravager  
  55  10:01  Ravager  
  55  10:06  Tunneling Claws  
  57  10:17  Drone x5  
  57  10:18  Drone x5  
  65  10:47  Drone x2  
  65  10:48  Drone x2  
  65  10:49  Drone  
  70  10:50  Drone  
  70  10:55  Drone x2  
  70  10:56  Extractor  
  72  11:02  Extractor  
  71  11:05  Infestation Pit  
  71  11:10  Zerg Flyer Weapons Level 1  
  70  11:17  Queen x2  
  74  11:21  Overlord, Roach x5  
  74  11:39  Queen  
  75  11:51  Drone x2  
  77  11:56  Drone x2  
  77  11:57  Drone  
  80  12:13  Zerg Missile Weapons Level 1  
  80  12:16  Hive  
  80  12:24  Roach x5  
  80  12:25  Spore Crawler  
  79  12:32  Mutalisk  
  79  12:35  Overlord x3  
  81  12:37  Overlord  
  81  12:52  Neural Parasite  
  81  12:53  Infestor x4  
  89  13:06  Drone  
  89  13:07  Drone x6  
  89  13:12  Overseer  
  96  13:14  Roach x5  
  96  13:15  Overseer  
  92  13:56  Infestor, Corruptor  
  92  13:57  Corruptor  
  98  14:03  Greater Spire  
  98  14:05  Drone x2  
  98  14:06  Drone x2  
  102  14:21  Adrenal Glands  
  102  14:23  Zerg Melee Weapons Level 1  
  102  14:24  Corruptor, Zergling x4  
  102  14:25  Corruptor  
  102  14:28  Adaptive Talons  
  102  14:31  Hatchery, Drone x2  
  108  14:32  Drone  
  111  14:45  Drone  
  111  14:50  Mutalisk  
  113  14:57  Pathogen Glands  
  113  15:09  Drone  
  113  15:11  Overlord  
  113  15:12  Overlord x3  
  114  15:31  Extractor  
  113  15:36  Extractor  
  113  15:38  Viper  
  113  15:41  Brood Lord x5  
  125  15:45  Mutalisk, Corruptor x3  
  125  15:48  Drone  
  125  15:49  Drone  
  135  15:51  Drone  
  135  15:54  Drone x2  
  137  16:09  Corruptor x2  
  137  16:10  Mutalisk x2  
  137  16:11  Mutalisk  
  117  16:38  Mutalisk x2  
  102  16:43  Overlord  
  102  16:45  Roach x3  
  45  17:37  Mutalisk x3  
  45  17:38  Zergling x12  
  45  17:39  Zergling x16  
  45  17:40  Zergling x2  
  66  17:45  Overlord  
  57  18:04  Baneling x3  
  57  18:05  Baneling x7  
  49  18:06  Baneling x4  
  49  18:08  Zergling x2, Hydralisk x2  
Show
View Real Time Build Order
Export as new Build Order

Mesrob Terran - Winner!

Build Orders: Gas First Reaper Expand 

Get SALT Encoding   

  12  0:00  SCV  
  13  0:12  SCV  
  14  0:17  Supply Depot  
  14  0:25  SCV  
  15  0:29  Refinery  
  15  0:38  SCV  
  16  0:47  Barracks  
  16  0:50  SCV  
  17  1:06  SCV  
  18  1:18  SCV  
  19  1:33  Orbital Command  
  19  1:41  Command Center  
  19  1:43  Reaper  
  20  1:57  Supply Depot  
  20  2:08  Factory  
  20  2:10  SCV  
  20  2:32  Reaper  
  21  2:40  Bunker  
  19  3:24  Reaper  
  19  3:41  Factory Reactor  
  17  3:44  Starport  
  16  3:50  SCV  
  16  3:53  Refinery  
  17  4:02  SCV  
  18  4:10  Reaper  
  19  4:20  Hellion x2  
  23  4:26  Starport Reactor  
  23  4:28  SCV  
  24  4:40  SCV  
  24  4:42  Bunker  
  25  4:51  Command Center  
  25  4:52  SCV  
  26  4:59  Hellion  
  30  5:00  Hellion  
  30  5:03  Barracks Tech Lab  
  30  5:04  SCV  
  31  5:17  Supply Depot  
  31  5:18  Supply Depot  
  31  5:21  Liberator  
  31  5:35  Liberator  
  31  5:38  SCV  
  35  5:49  Supply Depot x2  
  35  5:50  Siege Tank, SCV  
  35  5:54  Marine x2  
  44  6:03  SCV x2  
  46  6:12  Marine x2  
  46  6:15  SCV x2  
  49  6:25  Command Center  
  49  6:27  SCV x2  
  49  6:30  Marine x2  
  53  6:42  SCV  
  53  6:44  Orbital Command  
  54  6:48  Refinery  
  54  6:57  Engineering Bay  
  54  7:04  SCV  
  55  7:08  Marine  
  55  7:09  Marine  
  57  7:16  SCV  
  58  7:23  Missile Turret  
  58  7:26  Marine  
  58  7:28  SCV  
  60  7:31  Missile Turret  
  60  7:32  Missile Turret  
  60  8:03  Siege Tank  
  60  8:04  Viking x2  
  66  8:26  Marine x2  
  68  8:29  Bunker  
  65  8:44  Marine x2  
  65  9:02  Marine x2  
  64  9:03  Viking  
  64  9:04  Viking  
  64  9:05  Siege Tank  
  71  9:19  Marine  
  71  9:20  Marine  
  69  9:33  Viking  
  69  9:34  Viking  
  69  9:35  Command Center  
  69  9:37  Marine, Siege Tank  
  69  9:38  Marine  
  78  9:46  Liberator  
  78  9:55  Marine x2  
  83  10:13  Marine  
  84  10:17  Missile Turret  
  84  10:21  Supply Depot  
  84  10:23  Supply Depot  
  84  10:25  Liberator  
  84  10:35  Planetary Fortress  
  84  10:42  SCV  
  85  10:43  Siege Tank, SCV  
  85  10:45  Supply Depot  
  85  10:47  Supply Depot  
  92  10:53  Refinery x2  
  92  10:54  SCV  
  92  10:55  SCV  
  94  10:57  Viking  
  96  11:06  SCV  
  96  11:07  SCV  
  96  11:10  Liberator  
  98  11:18  Planetary Fortress  
  98  11:19  SCV  
  98  11:20  Refinery  
  98  11:22  Missile Turret  
  99  11:25  Viking  
  104  11:35  Marine x2  
  104  11:37  Siege Tank  
  104  11:38  Liberator  
  104  11:39  Command Center  
  109  11:42  Missile Turret  
  109  11:45  Barracks  
  107  11:51  Barracks  
  107  11:52  Marine  
  107  11:53  Marine  
  112  12:02  Missile Turret  
  112  12:08  SCV  
  113  12:10  Marine, Viking, SCV  
  113  12:11  Marine, SCV x2  
  120  12:20  SCV  
  120  12:22  SCV  
  122  12:23  SCV x2  
  122  12:27  Terran Infantry Weapons Level 1  
  124  12:32  Engineering Bay, SCV, Armory  
  124  12:34  Barracks, SCV  
  126  12:40  Barracks  
  126  12:44  SCV  
  126  12:46  Refinery, SCV  
  128  12:52  SCV  
  128  12:53  SCV  
  128  12:56  Siege Tank, SCV  
  134  12:58  SCV  
  134  12:59  Barracks Tech Lab  
  134  13:00  Barracks Reactor  
  134  13:03  Marine  
  134  13:04  Marine, SCV  
  134  13:05  SCV  
  139  13:06  Terran Infantry Armor Level 1  
  139  13:09  Refinery  
  139  13:18  Supply Depot, SCV x2  
  139  13:19  SCV  
  142  13:20  Supply Depot x2, Combat Shield  
  142  13:21  Marine  
  142  13:25  Mag-Field Accelerator  
  143  13:28  Siege Tank, Barracks Reactor x2  
  143  13:30  Marine  
  147  13:34  Marine  
  147  13:39  Marine  
  148  13:43  Supply Depot  
  148  13:48  Marine  
  148  13:52  Marine  
  148  13:55  SCV  
  151  13:57  Marine  
  151  14:01  SCV  
  151  14:02  SCV x2  
  155  14:05  Planetary Fortress  
  155  14:06  Marine  
  155  14:07  SCV  
  157  14:10  Marine  
  157  14:13  SCV  
  157  14:14  SCV  
  157  14:15  Marine  
  161  14:19  SCV  
  162  14:24  Marine  
  162  14:27  Marine, Viking x2  
  168  14:31  SCV  
  168  14:39  Stimpack  
  168  14:43  Marine x8, SCV  
  168  14:45  Marine  
  178  14:53  Terran Vehicle And Ship Armor Level 1  
  178  14:54  Terran Infantry Weapons Level 2  
  178  15:00  Marine, Terran Infantry Armor Level 2  
  178  15:06  Supply Depot x3  
  179  15:08  Refinery  
  179  15:27  Marine x9, Viking x2, SCV  
  179  15:28  SCV  
  194  15:29  Supply Depot  
  194  15:30  Supply Depot  
  194  15:31  Supply Depot  
  194  15:34  Supply Depot  
  194  15:35  Refinery  
  194  15:39  SCV  
  195  15:51  SCV  
  195  15:52  Supply Depot  
  195  15:56  Supply Depot  
  196  15:57  Viking  
  196  16:04  SCV  
  197  16:15  Supply Depot  
  196  16:19  Concussive Shells  
  181  16:37  Supply Depot  
  181  16:39  Marine x9  
  180  16:42  Viking x2  
  180  16:45  Siege Tank  
  186  16:57  Marine x9  
  195  17:02  Factory  
  195  17:06  Fusion Core  
  190  17:11  Viking  
  190  17:12  Viking  
  190  17:14  Marine  
  190  17:15  Marine x8  
  189  17:17  Siege Tank  
  189  17:18  Starport  
  190  17:23  Starport  
  185  17:32  Marine  
  185  17:33  Marine x3  
  185  17:41  Viking  
  185  17:42  Viking  
  183  17:45  Marine x5  
  183  17:49  Siege Tank  
  183  17:50  Marine  
  183  17:51  Marine x3  
  189  18:03  Marine x5  
  190  18:08  Marine x2  
  190  18:11  Viking  
  190  18:12  Viking  
Tags
 
Add a new tag
Caveats
  • Supply blocks, unpowered buildings, or Contaminate may cause inaccurate times.
  • Supply counts are checked every 10 seconds.